 Dungeon Crawl Stone Soup version 0.31-a0-965-g8a8ce12e04 (webtiles) character file.

Game seed: 9891560073039038505

553 Gladio the Ruffian (level 7, -1/49 HPs)
             Began as a Demonspawn Cinder Acolyte on Oct 26, 2023.
             Was a High Priest of Ignis.
             Slain by an ogre
             ... wielding a +0 giant club
              (11 damage)
             ... on level 5 of the Dungeon.
             The game lasted 00:07:49 (3938 turns).

Gladio the Ruffian (Demonspawn Cinder Acolyte)      Turns: 3938, Time: 00:07:49

Health: -1/49      AC: 10    Str: 20    XL:     7   Next: 8%
Magic:  8/8        EV:  8    Int: 15    God:    Ignis [*****.]
Gold:   92         SH:  4    Dex:  7    Spells: 8/8 levels left

rFire   + .          .
                       - Unarmed
rCold   . . .        (no shield)
rNeg    . . .        y - +0 chain mail
rPois   .            (helmet restricted)
rElec   .            (no cloak)
rCorr   .            z - +0 pair of gloves
SInv    .            (no boots)
Will    .....        (no amulet) Stlth
                     (no ring)
HPRegen 1.08/turn    (no ring)
MPRegen 0.11/turn

%: no passive effects
@: no status effects
A: antennae 1, large bone plates 1, demonic guardian 1, foul stench 1, talons 1,
frail 1, regeneration 1, strong 1
a: Renounce Religion, Fiery Armour, Foxfire Swarm, Rising Flame


You were on level 5 of the Dungeon.
You worshipped Ignis.
Ignis was extremely pleased with you.
You visited 1 branch of the dungeon, and saw 5 of its levels.

You collected 224 gold pieces.
You spent 132 gold pieces at shops.

Inventory:

Missiles
 l - a throwing net
 A - 3 silver javelins
Armour
 a - a +0 robe
 e - a +0 leather armour
 j - a +0 scale mail
 w - a +2 leather armour of fire resistance
 y - a +0 chain mail (worn)
 z - a +0 pair of gloves (worn)
Wands
 g - a wand of polymorph (14)
 u - a wand of roots (12)
Scrolls
 d - 2 scrolls of amnesia {unknown}
 f - a scroll of poison {unknown}
 h - 2 scrolls of immolation
 p - a scroll of vulnerability {unknown}
 q - a scroll of acquirement {unknown}
 r - 2 scrolls of identify
 s - a scroll of torment {unknown}
 x - a scroll of fear {unknown}
Potions
 b - 2 potions of curing
 c - 2 potions of degeneration
 i - a potion of attraction {unknown}
 k - a potion of brilliance
 m - 2 potions of mutation
 n - 2 potions of invisibility {unknown}
 o - a potion of berserk rage {unknown}
 t - a potion of enlightenment {unknown}
 v - 4 potions of lignification {unknown}


   Skills:
 + Level 4.5 Fighting
 + Level 2.8 Armour
 - Level 2.4 Dodging
 * Level 5.2 Unarmed Combat
 - Level 1.0 Spellcasting
 - Level 2.6 Fire Magic


You had 8 spell levels left.
You didn't know any spells.
Your spell library contained the following spells:

 Spells                   Type           Power      Damage    Failure   Level
 Scorch                   Fire           16%        2d5       67%         2
 Freeze                   Ice            0%         1d3       88%         1
 Frozen Ramparts          Ice            0%         1d1       99%         3
 Hailstorm                Conj/Ice       0%         3d3       99%         3
 Vhi's Electric Charge    Tloc/Air       0%         N/A       100%        4
 Arcjolt                  Conj/Air       0%         1d10      100%        5
 Plasma Beam              Fire/Air       2%         2x1d12    100%        6


Dungeon Overview and Level Annotations

Branches:
Dungeon (5/15)
 Temple: D:4-7

Altars:
Vehumet
Xom

Shops:
D:3 !

Annotations:
D:3 3 runed translucent doors, GabrielManson's ghost, amateur GnWn; aks0t's ghost, weakling DECj


Innate Abilities, Weirdness & Mutations

You have a pair of small antennae on your head.
You are partially covered in large bone plates. (SH +4)
A weak demonic guardian rushes to your aid.
You may rarely emit foul miasma when damaged in melee.
You have sharp toenails.
You are frail. (-10% HP)
Your natural rate of healing is unusually fast.
Your muscles are strong. (Str +4, Int/Dex -1)


Message History

Found a ring mail.
An adder comes into view.
The adder hisses angrily.
An adder is nearby!
An adder is nearby!
An ogre comes into view. It is wielding a +0 giant club.
The ogre shouts!
You hit the adder.
The adder is severely wounded.
The adder bites you but does no damage.
You hit the adder.
You kill the adder!
You barely miss the ogre. You claw the ogre.
The ogre is lightly wounded.
The ogre hits you with a +0 giant club!!
You hit the ogre.
The ogre is moderately wounded.
You hit the ogre.
The ogre is heavily wounded.
The ogre misses you.
You hit the ogre.
The ogre is severely wounded.
The ogre closely misses you.
You hit the ogre. Your kick misses the ogre.
The ogre is severely wounded.
You hit the ogre but do no damage. You claw the ogre.
The ogre is almost dead.
The ogre hits you with a +0 giant club!!
Ouch! That really hurt!
* * * LOW HITPOINT WARNING * * *
A demonic guardian appears!
You are too injured to fight recklessly!
You are too injured to fight recklessly!
You are too injured to fight recklessly!
You are too injured to fight recklessly!
You are too injured to fight recklessly!
You are too injured to fight recklessly!
You are too injured to fight recklessly!
The ogre attacks as it pursues you! The ogre hits you with a +0 giant club!
You die...

.###..
#####[.....#.#
#............#
#...........#
#..)........##
#.....!.......
#............#
#....>5.......
#....@O.....#
######...........#
#................#
#.........###.####
#.........# .#
#.........## ..
#....###...###.# #
#....#~~...~~#.# #
#....#~..♣..~#.#


You could see an ogre (ally target) and a friendly quasit (summoned).

Vanquished Creatures
  2 scorpions
  An orc priest (D:3)
  An iguana (D:4)
  3 gnolls (D:4)
  13 adders
  A worm (D:2)
  A dart slug (D:2)
  3 orcs
  7 endoplasms
  4 giant cockroaches
  8 goblins
  6 hobgoblins
  3 jackals (D:1)
  6 kobolds
  5 quokkas
  5 ball pythons
  8 bats
  6 frilled lizards
  9 rats
92 creatures vanquished.

Vanquished Creatures (collateral kills)
  A black bear (D:4)
  An orc priest (D:5)
  An orc wizard (D:5)
  2 orcs (D:3)
5 creatures vanquished.

Grand Total: 97 creatures vanquished

Notes
Turn   | Place    | Note
-------+----------+-------------------------------------------
     0 | D:1      | Gladio the Demonspawn Cinder Acolyte began the quest for
                  | the Orb.
     0 | D:1      | Reached XP level 1. HP: 18/18 MP: 2/2
   376 | D:1      | Gained mutation: You may rarely emit foul miasma when
                  | damaged in melee. [demonic ancestry]
   376 | D:1      | Reached XP level 2. HP: 21/24 MP: 3/3
   615 | D:1      | Reached skill level 3 in Unarmed Combat
  1172 | D:2      | Reached skill level 1 in Armour
  1172 | D:2      | Reached skill level 1 in Dodging
  1172 | D:2      | Reached XP level 3. HP: 13/29 MP: 4/4
  1541 | D:2      | Gained mutation: A weak demonic guardian rushes to your
                  | aid. [demonic ancestry]
  1541 | D:2      | Reached XP level 4. HP: 5/35 MP: 5/5
  1542 | D:2      | Gained mutation: You have sharp toenails. [potion of
                  | mutation]
  1542 | D:2      | Gained mutation: You are frail. (-10% HP) [potion of
                  | mutation]
  1542 | D:2      | Gained mutation: Your muscles are strong. (Str +4, Int/Dex
                  | -1) [potion of mutation]
  1542 | D:2      | Gained mutation: Your natural rate of healing is unusually
                  | fast. [potion of mutation]
  2046 | D:3      | Found Taqehig's Distillery.
  2070 | D:3      | Gained mutation: You are partially covered in large bone
                  | plates. (SH +4) [demonic ancestry]
  2070 | D:3      | Reached XP level 5. HP: 29/37 MP: 6/6
  2086 | D:3      | Bought a potion of curing for 36 gold pieces
  2086 | D:3      | Bought a potion of mutation for 96 gold pieces
  2129 | D:3      | Reached skill level 4 in Unarmed Combat
  2185 | D:3      | Found a runed translucent gate.
  2185 | D:3      | Found a runed translucent gate.
  2185 | D:3      | Found a runed translucent gate.
  2208 | D:3      | Found a shimmering altar of Xom.
  2346 | D:3      | Found a radiant altar of Vehumet.
  2531 | D:3      | Noticed aks0t's ghost (weakling DECj)
  2531 | D:3      | Noticed GabrielManson's ghost (amateur GnWn)
  2663 | D:4      | Gained mutation: You have a pair of small antennae on your
                  | head. [demonic ancestry]
  2663 | D:4      | Reached XP level 6. HP: 17/43 MP: 7/7
  3048 | D:4      | Reached skill level 5 in Unarmed Combat
  3396 | D:5      | Entered Level 5 of the Dungeon
  3465 | D:5      | Reached XP level 7. HP: 26/49 MP: 8/8
  3938 | D:5      | Slain by an ogre

Illustrated notes

Levels and vault maps discovered:
D:1:      dpeg_arrival_simpleton_c, layout_loops_corners, columned_hall_lemuel
D:2:      layout_basic
D:3:      layout_basic, nicolae_overflow_hidden_temple, serial_shops, shop,
          gammafunk_ghost_cemetery, grunt_ministairs_14
D:4:      layout_basic
D:5:      layout_basic, elyvilon_altar_4

Skill      XL: |  1  2  3  4  5  6 |
---------------+-------------------+-----
Unarmed Combat | 3 4 5 |  5.2
Armour         | 1 2 |  2.8
Dodging        | 1 2 |  2.4
Fighting       | 4 |  4.5
Spellcasting   | |  1.0
Fire Magic     | |  2.6

Action                     |  1- 3 |  4- 6 |  7- 9 || total
---------------------------+-------+-------+-------++-------
  Melee: Unarmed           |   152 |   189 |    14 ||   355
         Kick              |       |    31 |     4 ||    35
         Punch             |       |     4 |       ||     4
    Use: Potion            |       |     3 |     1 ||     4
         Scroll            |       |     2 |       ||     2
 Armour: Robe              |    16 |       |       ||    16
         Leather armour    |    94 |    26 |     9 ||   129
         Scale mail        |       |    95 |       ||    95
         Chain mail        |       |       |     4 ||     4
  Dodge: Dodged            |   108 |    90 |     6 ||   204
  Block: Other             |       |    15 |     1 ||    16

Table legend: (Time is in decaauts)
 A = Elapsed time spent in this place.
 B = Non-inter-level travel time spent in this place.
 C = Inter-level travel time spent in this place.
 D = Time resting spent in this place.
 E = Time spent auto-exploring this place.
 F = Levels seen in this place.
 G = Mean time per level.
                   A        B        C        D        E       F      G
               +--------+--------+--------+--------+--------+-----+--------+
         Total |   3914 |   3725 |    189 |      0 |   2976 |   5 |  782.8 |
       Dungeon |   3914 |   3725 |    189 |      0 |   2976 |   5 |  782.8 |
               +--------+--------+--------+--------+--------+-----+--------+

Top non-repeatable levels by time:
     D:1: 1152 daAuts
     D:4: 796 daAuts
     D:2: 789 daAuts
     D:3: 686 daAuts
     D:5: 488 daAuts
